Unix NetHack Version 5.0.0-0 post-release - last build Jun 10 2026 00:39:30 (3ee93aec679c4c4259841fe613dc97188e26a321,branch:main).

Game began 2026-06-15 00:17:20, ended 2026-06-15 00:19:44.

Cuchullain, lawful male dwarven Archeologist

                    ------
   ----------       .....|
   |........-#####.......|
   |.........    #  .....|
   |........|         ...|
   |..@.k)..|           .|
   |.........            |
   ----------

Cuchullain the Digger      St:13 Dx:9 Co:15 In:12 Wi:16 Ch:12  Lawful
Dlvl:5  $:10 HP:0(15) Pw:1(1) AC:9  Xp:1 T:359 

Latest messages:
 You hit the rock with all your might.
 You succeed in cutting away some rock.
 You start digging.
 You hit the rock with all your might.
 You succeed in cutting away some rock.
 You hear crashing rock.
 You start digging.
 You hit the rock with all your might.
 You make an opening in the wall.
 You start digging.
 You hit the rock with all your might.
 You make an opening in the wall.
 You hear crashing rock.
 You hear crashing rock.
 You hear crashing rock.
 You climb up the stairs.
 Where do you want to travel to?
 (For instructions type a '?')
 Move cursor to the desired destination:
 You start digging.
 You hit the rock with all your might.
 You make an opening in the wall.
 You descend the stairs.
 The kobold lord throws 2 darts!
 You are hit by the 1st dart.
 You are almost hit by the 2nd dart.
 You see here a dart.
 m - a dart.
 You hit the kobold lord!
 You miss the kobold lord.
 You hit the kobold lord.
 You hit the kobold lord.
 The kobold lord hits!
 You miss the kobold lord.
 The kobold lord hits!
 You climb up the stairs.
 You descend the stairs.
 What do you want to throw? [$am or ?*] m
 In what direction? 6
 The dart misses the kobold lord.
 The kobold lord throws 2 darts!
 You are hit by the 1st dart.
 You hear the wailing of the Banshee...
 You are hit by the 2nd dart.
 You die...
 Do you want your possessions identified? [ynq] (y) y
 Do you want to see your attributes? [ynq] (y) y
 Do you want an account of creatures vanquished? [ynaq] (y) y
 Do you want to see your conduct and achievements? [ynq] (y) y
 Do you want to see the dungeon overview? [ynq] (y) y

Inventory:
 Coins    ('$')
  $ - 10 gold pieces
 Weapons  (')')
  a - a blessed +2 bullwhip (alternate weapon; not wielded)
 Armor    ('[')
  c - an uncursed +0 fedora (being worn)
  b - an uncursed +0 leather jacket (being worn)
 Comestibles  ('%')
  d - 4 uncursed food rations
  l - 2 uncursed tripe rations
 Scrolls  ('?')
  i - an uncursed scroll of amnesia
 Potions  ('!')
  j - an uncursed potion of oil
 Rings    ('=')
  k - an uncursed ring of conflict
 Tools    ('(')
  h - an empty uncursed sack
  e - a +0 pick-axe (weapon in right hand)
  f - a tinning kit (0:87)
 Gems/Stones  ('*')
  g - an uncursed touchstone

Cuchullain the Archeologist's attributes:

Background:
 You were a Digger, a level 1 male dwarven Archeologist.
 You were lawful, on a mission for Quetzalcoatl
 who was opposed by Camaxtli (neutral) and Huhetotl (chaotic).
 You were right-handed.
 You were in the Dungeons of Doom, on level 5.
 You entered the dungeon 359 turns ago.
 It was the midnight hour.
 There was a new moon in effect when your adventure ended.
 You had 6 experience points, 14 more were needed to attain level 2.

Basics:
 You had 0 out of 15 hit points.
 You had 1 out of 1 energy points (spell power).
 Your armor class was 9.
 Your wallet contained 10 zorkmids.
 Autopickup was off.

Final Characteristics:
 Your strength was 13 (limit:18/100).
 Your dexterity was 9 (limit:20).
 Your constitution was 15 (limit:20).
 Your intelligence was 12 (limit:16).
 Your wisdom was 16 (limit:16).
 Your charisma was 12 (limit:16).

Final Status:
 You weren't hungry.
 You were unencumbered.
 You were wielding a pick-axe.
 You had basic skill with pick-axe.

Final Attributes:
 You were fervently aligned.
 You had automatic searching.
 You had infravision.
 You were lucky.
 You are dead.

Miscellaneous:
 You didn't encounter any bones levels.
 Total elapsed playing time was 2 minutes and 23 seconds.

Major events:
 Turn
    1: Cuchullain the lawful male dwarven Archeologist entered the dungeon
  166: entered the Gnomish Mines
  359: killed by a dart

You didn't know any spells.

Skills:
 Fighting Skills
   bare handed combat [Unskilled]
   two weapon combat  [Unskilled]
   riding             [Unskilled]
 Weapon Skills
   dagger             [Unskilled]
   knife              [Unskilled]
   pick-axe           [Basic]
   short sword        [Unskilled]
   saber              [Unskilled]
   club               [Unskilled]
   quarterstaff       [Unskilled]
   sling              [Unskilled]
   dart               [Unskilled]
   boomerang          [Unskilled]
   whip               [Basic]
   unicorn horn       [Unskilled]
 Spellcasting Skills
   attack spells      [Unskilled]
   healing spells     [Unskilled]
   divination spells  [Unskilled]
   matter spells      [Unskilled]

Voluntary challenges:
 Character rerolling was not enabled.
 You were an atheist.
 You never genocided any monsters.
 You never polymorphed an object.
 You never changed form.
 You used no wishes.
Achievement:
 You entered the Gnomish Mines.

 The Dungeons of Doom: levels 1 to 5
    Level 1:
    Level 2:
       A fountain.
    Level 3:
    Level 4:
       Stairs down to The Gnomish Mines.
    Level 5: <- You were here.
       Final resting place for
          you, killed by a dart.
 The Gnomish Mines:
    Level 5:


Vanquished creatures:
  a goblin
  a grid bug
2 creatures vanquished.

No species were genocided or became extinct.

Game over:
                       ----------
                      /          \
                     /    REST    \
                    /      IN      \
                   /     PEACE      \
                  /                  \
                  |    Cuchullain    |
                  |      10 Au       |
                  | killed by a dart |
                  |                  |
                  |                  |
                  |                  |
                  |       2026       |
                 *|     *  *  *      | *
        _________)/\\_//(\/(/\)/\//\/|_)_______

Goodbye Cuchullain the Archeologist...

You died in The Dungeons of Doom on dungeon level 5 with 233 points,
and 10 pieces of gold, after 359 moves.
You were level 1 with a maximum of 15 hit points when you died.

